[Event "Titled Tuesday Blitz January 25 2022"]
[White "Song, Michael"]
[Black "Priasmoro, Novendra"]
[WhiteFideId "2613190"]
[BlackFideId "7105029"]
[WhiteElo "2274"]
[BlackElo "2309"]
[Result "1/2-1/2"]
[Round "03"]
[TimeControl "180+1"]
[Date "2022.01.26"]
[WhiteClock "0:00:01"]
[BlackClock "0:00:17"]

1. e4 c5 2. Nf3 Nc6 3. Bb5 g6 4. O-O Bg7 5. c3 Nf6 6. Re1 O-O 7. d4 cxd4 8. cxd4 d5 9. e5 Ne4 10. Bxc6 bxc6 11. Be3 Qb6 12. Qc1 Rb8 13. b3 f6 14. Nc3 Nxc3 15. Qxc3 Bg4 16. Nd2 fxe5 17. dxe5 Qc7 18. Bc5 Rb5 19. b4 a5 20. a3 Rf4 21. Nb3 Rc4 22. Qg3 Bf5 23. Rac1 axb4 24. axb4 Rcxb4 25. Bxb4 Rxb4 26. Nc5 Rb5 27. Qe3 h5 28. h3 Kh7 29. Qc3 e6 30. Nb3 Qb6 31. Nd4 Rb2 32. Re2 Rxe2 33. Nxe2 c5 34. Qxc5 Qxc5 35. Rxc5 Bxe5 36. f4 Bb8 37. Rc8 Ba7+ 38. Kf1 Kh6 39. Rc6 h4 40. Ng1 Bd3+ 41. Ne2 Bf5 42. Ke1 d4 43. Rd6 d3 44. Nd4 Bc5 45. Nxf5+ gxf5 46. Rxd3 Kg6 47. Ke2 Kf6 48. Kf3 Bb4 49. Rb3 Be1 50. Rb7 Bg3 51. Rb6 Be1 52. Rb7 Bg3 53. Rh7 Be1 54. Rh5 Kg6 55. Rg5+ Kf6 56. Rg8 Kf7 57. Rc8 Kf6 58. Rc4 Bg3 59. Ke2 Kg6 60. Ke3 Kf6 61. Kd3 Ke7 62. Kc3 Kd6 63. Kb4 Kd5 64. Kb5 Bf2 65. Ra4 Be3 66. Ra6 Bxf4 67. Ra8 e5 68. Rg8 Bg3 69. Kb4 Kd4 70. Rf8 f4 71. Kb3 e4 72. Kc2 Ke3 73. Kd1 Kf2 74. Re8 e3 75. Rf8 Kxg2 76. Ke2 Bh2 77. Rf7 Bg3 78. Rf8 Kxh3 79. Kf3 Kh2 80. Ra8 h3 81. Ra2+ Bf2 82. Ra1 e2 83. Kxf2 f3 84. Kxf3 e1=Q 85. Rxe1 1/2-1/2


[Site "https://www.chess.com"]

[Event "Titled Tuesday Blitz January 25 2022"]
[White "Srihari L R"]
[Black "Estrada Nieto, Julian"]
[WhiteFideId "46617116"]
[BlackFideId "5101018"]
[WhiteElo "2121"]
[BlackElo "2246"]
[Result "1-0"]
[Round "03"]
[TimeControl "180+1"]
[Date "2022.01.26"]
[WhiteClock "0:00:07"]
[BlackClock "0:00:16"]

1. c4 e5 2. Nc3 Nf6 3. Nf3 Nc6 4. e3 Bb4 5. Qc2 Bxc3 6. Qxc3 Qe7 7. d4 Ne4 8. Qd3 exd4 9. Nxd4 O-O 10. Be2 Nxd4 11. Qxd4 b6 12. O-O Bb7 13. b3 c5 14. Qd3 Rad8 15. Bb2 d5 16. Qc2 dxc4 17. Bxc4 Rd2 18. Qc1 Qg5 19. g3 Qf5 20. Qd1 Ng5 21. e4 Qxe4 22. f3 Nxf3+ 23. Qxf3 Qxf3 24. Rxf3 Bxf3 25. Bc3 Rb2 26. Bxb2 Re8 27. Rf1 Be2 28. Re1 Kf8 29. Rxe2 Rxe2 30. Bxe2 f6 31. Kf2 Ke7 32. Ke3 Kd6 33. Bc4 Kc6 34. a4 b5 35. Bxb5+ Kb6 36. Bc4 a5 37. Ke4 g6 38. Kd5 f5 39. Bf6 g5 40. Bxg5 f4 41. Bxf4 h5 42. h3 1-0


[Site "https://www.chess.com"]

[Event "Titled Tuesday Blitz January 25 2022"]
[White "Steinberg, Nitzan"]
[Black "Nilsen, Tobias Lang"]
[WhiteFideId "2801795"]
[BlackFideId "1521624"]
[WhiteElo "2440"]
[BlackElo "2013"]
[Result "1-0"]
[Round "03"]
[TimeControl "180+1"]
[Date "2022.01.26"]
[WhiteClock "0:01:03"]
[BlackClock "0:00:17"]

1. c4 c5 2. Nf3 g6 3. g3 Bg7 4. Bg2 Nc6 5. O-O d6 6. e3 e6 7. d4 Nge7 8. Nc3 O-O 9. Re1 cxd4 10. exd4 d5 11. cxd5 Nxd5 12. Nxd5 exd5 13. Ne5 Nxe5 14. dxe5 Be6 15. Bf4 Qb6 16. Qd2 Rfd8 17. h4 h5 18. Rad1 Rac8 19. Bg5 Rd7 20. Bf6 Bg4 21. Bxg7 Kxg7 22. Rc1 Rxc1 23. Rxc1 d4 24. Be4 f6 25. f3 d3+ 26. Kg2 f5 27. Bxd3 Qd4 28. fxg4 Qxd3 29. Qxd3 Rxd3 30. Rc7+ Kg8 31. gxf5 gxf5 32. Rxb7 a5 33. Rb5 Kf7 34. Rxa5 Rd2+ 35. Kf3 Rxb2 36. Kf4 Rf2+ 37. Kg5 Rf3 38. Ra6 Rxg3+ 39. Kxf5 Rg4 40. Ra7+ Ke8 41. Kf6 Rxh4 42. Ra8+ Kd7 43. e6+ Kd6 44. e7 Rf4+ 45. Kg5 Rg4+ 46. Kxh5 Re4 47. e8=Q Rxe8 48. Rxe8 Kc5 49. Re4 Kb5 50. Rg4 Ka5 51. Kh4 Kb5 52. Kg3 Ka5 53. Kf3 Kb5 54. Ke3 Ka5 55. Kd3 Kb5 56. Kc3 Ka5 57. Kb3 Kb5 58. Rg5+ Kc6 59. a4 Kb6 60. Kb4 Kc6 61. Rg6+ Kb7 62. a5 Kc7 63. a6 Kb8 64. Kb5 Ka7 65. Rg7+ Ka8 66. Kb6 Kb8 67. Rg8# 1-0


[Site "https://www.chess.com"]

[Event "Titled Tuesday Blitz January 25 2022"]
[White "Svane, Frederik"]
[Black "Janaszak, Dawid"]
[WhiteFideId "12923044"]
[BlackFideId "1119206"]
[WhiteElo "2459"]
[BlackElo "2199"]
[Result "1-0"]
[Round "03"]
[TimeControl "180+1"]
[Date "2022.01.26"]
[WhiteClock "0:00:15"]
[BlackClock "0:00:09"]

1. e4 e6 2. d4 d5 3. Nd2 dxe4 4. Nxe4 Bd7 5. Nf3 Bc6 6. Bd3 Nd7 7. O-O Ngf6 8. Ng3 Be7 9. Bf4 O-O 10. Re1 Nd5 11. Bd2 Nb4 12. Be2 Bxf3 13. Bxf3 c6 14. c3 Nd5 15. Qc2 Qc7 16. Rad1 Rfe8 17. c4 Nf4 18. Re4 Ng6 19. Ree1 Rad8 20. Bc3 Bf8 21. a4 a5 22. Qd2 b6 23. Qc2 Nf6 24. Ne4 Nd7 25. g3 Be7 26. Bg2 Nf6 27. Ng5 Bb4 28. h4 Nf8 29. Bxb4 axb4 30. c5 h6 31. Nf3 bxc5 32. Qxc5 Nd5 33. Ne5 Rc8 34. Rc1 Nd7 35. Qxc6 Nxe5 36. Qxc7 Rxc7 37. Rxc7 Nxc7 38. dxe5 Rd8 39. Rc1 Na6 40. Bb7 Nb8 41. a5 f6 42. a6 Nxa6 43. Bxa6 fxe5 44. Re1 Rd2 45. b3 Rd5 46. Bc4 Rc5 47. Bxe6+ Kf8 48. Bc4 Ke7 49. Rd1 e4 50. Re1 Re5 51. f4 1-0


[Site "https://www.chess.com"]

[Event "Titled Tuesday Blitz January 25 2022"]
[White "Szpar, Milosz"]
[Black "Sychev, Klementy"]
[WhiteFideId "1184989"]
[BlackFideId "4114060"]
[WhiteElo "2447"]
[BlackElo "2564"]
[Result "0-1"]
[Round "03"]
[TimeControl "180+1"]
[Date "2022.01.26"]
[WhiteClock "0:00:12"]
[BlackClock "0:00:13"]

1. e4 g6 2. d4 Bg7 3. Nf3 d6 4. Bc4 Nf6 5. Qe2 Nc6 6. O-O Bg4 7. Rd1 e5 8. c3 O-O 9. h3 Bxf3 10. Qxf3 Nd7 11. Be3 Kh8 12. Na3 f5 13. exf5 gxf5 14. dxe5 Ndxe5 15. Qg3 Qf6 16. Bg5 Qg6 17. Bf4 Qh5 18. Re1 Bf6 19. Be2 Qf7 20. Nc2 Rg8 21. Qh2 Rg7 22. Ne3 Rag8 23. Kh1 Bh4 24. Rf1 Qe6 25. b3 a6 26. Rae1 b5 27. Rd1 Ng6 28. Bf3 Nce7 29. Bh6 Rf7 30. Nd5 Ne5 31. Nxe7 Nxf3 32. gxf3 Rxe7 33. Be3 Bf6 34. Rg1 Reg7 35. Rxg7 Rxg7 36. Qf4 Be5 37. Qh4 Qg6 0-1


[Site "https://www.chess.com"]

[Event "Titled Tuesday Blitz January 25 2022"]
[White "Triapishko, Alexandr"]
[Black "Garriga Cazorla, Pere"]
[WhiteFideId "14122286"]
[BlackFideId "32011601"]
[WhiteElo "2479"]
[BlackElo "2458"]
[Result "1-0"]
[Round "03"]
[TimeControl "180+1"]
[Date "2022.01.26"]
[WhiteClock "0:00:08"]
[BlackClock "0:00:24"]

1. d4 Nf6 2. c4 e6 3. Bf4 c5 4. d5 exd5 5. cxd5 d6 6. Nc3 g6 7. e3 Bg7 8. Qa4+ Bd7 9. Qb3 Qc7 10. h3 a6 11. a4 O-O 12. Nf3 Bf5 13. Nd2 h5 14. Nc4 Ne8 15. Qb6 Qd7 16. Nxd6 Nxd6 17. Qxd6 Qc8 18. Qc7 Qe8 19. Qxb7 Nd7 20. Bxa6 Ne5 21. O-O Qd8 22. Bb5 g5 23. Bh2 g4 24. d6 gxh3 25. Qd5 Be6 26. Qe4 hxg2 27. Qxg2 Ng6 28. Rfd1 Qf6 29. d7 Nh4 30. Qe4 Bg4 31. Bg3 Nf3+ 32. Kg2 Ng5 33. Qf4 Qg6 34. Rd6 Qc2 35. Qxg5 Kh7 36. Qf4 Rad8 37. Bd3+ Qxd3 38. Rxd3 f5 39. Qg5 Rf7 40. Qf4 Bf6 41. Rd6 Be7 42. Rh6+ Kg7 43. Rxh5 Bxh5 44. Rh1 Kg6 45. Bh4 Rg8 46. Bxe7 Rxe7 47. Rxh5 Kxh5+ 48. Kf3 Kg6 49. Qg3+ Kf7 50. Qxg8+ Kxg8 51. d8=Q+ Kf7 52. Qxe7+ Kxe7 53. Kf4 Kd6 54. Kxf5 Kc6 55. Ke4 Kb6 56. Kd3 Ka5 57. Kc4 1-0


[Site "https://www.chess.com"]

[Event "Titled Tuesday Blitz January 25 2022"]
[White "Urazayev, Arystanbek"]
[Black "Potapova, Margarita"]
[WhiteFideId "13709810"]
[BlackFideId "14126869"]
[WhiteElo "2321"]
[BlackElo "2209"]
[Result "0-1"]
[Round "03"]
[TimeControl "180+1"]
[Date "2022.01.26"]
[WhiteClock "0:00:06"]
[BlackClock "0:00:06"]

1. c4 Nf6 2. Nc3 e6 3. Nf3 d5 4. e3 b6 5. b3 Bd6 6. Bb2 O-O 7. Nb5 Be7 8. Be5 Ne8 9. cxd5 exd5 10. Bd3 c6 11. Nbd4 Bf6 12. Bxb8 c5 13. Nc6 Qd7 14. Nfe5 Qb7 15. f4 Bxe5 16. Bxe5 Qxc6 17. O-O Nf6 18. Rc1 a5 19. Qe2 Bg4 20. Qf2 a4 21. b4 c4 22. Bb1 Qe6 23. Qh4 Bf5 24. Bxf6 Bxb1 25. Bxg7 Kxg7 26. Rxb1 Qf6 27. Qg3+ Kh8 28. b5 Rg8 29. Qf3 Qf5 30. Rbd1 a3 31. Rf2 Rg6 32. g3 Rag8 33. d3 cxd3 34. Rfd2 Qh3 35. Rg2 Qf5 36. Qf1 Qe4 37. Qxd3 Qf3 38. Qe2 Qe4 39. Rd4 Qb1+ 40. Qd1 Qxb5 41. Rxd5 Qc6 42. Rd3 Qe4 43. Qd2 Rc6 44. Rxa3 Qb1+ 45. Kf2 Rc2 46. Kf3 Rxd2 47. Rxd2 Qf1+ 48. Ke4 Qc4+ 49. Rd4 Qc6+ 50. Kd3 Qb5+ 51. Ke4 Re8+ 52. Kf3 Qf1+ 53. Kg4 Qe2+ 54. Kf5 Rg8 55. Rad3 Qh5+ 56. Ke4 Re8# 0-1


[Site "https://www.chess.com"]

[Event "Titled Tuesday Blitz January 25 2022"]
[White "Urbina Perez, Juan Antonio"]
[Black "Atakishiyev, Elmar"]
[WhiteFideId "2217368"]
[BlackFideId "13410547"]
[WhiteElo "2192"]
[BlackElo "2087"]
[Result "0-1"]
[Round "03"]
[TimeControl "180+1"]
[Date "2022.01.26"]
[WhiteClock "0:00:26"]
[BlackClock "0:01:54"]

1. e4 e6 2. Qe2 c5 3. g3 Nc6 4. c3 g6 5. Bg2 Bg7 6. Nf3 Nge7 7. O-O O-O 8. d3 d6 9. Rd1 e5 10. a4 h6 11. h3 f5 12. Kh2 f4 13. Rf1 g5 14. d4 Ng6 15. dxc5 dxc5 16. Qc4+ Kh7 17. Qxc5 g4 18. hxg4 Bxg4 19. Nbd2 h5 20. Nc4 h4 21. gxf4 Nxf4 22. Bxf4 Rxf4 23. Nfxe5 Nxe5 24. Nxe5 b6 25. Qd4 Qc7 26. Qd5 Rd8 0-1


[Site "https://www.chess.com"]

[Event "Titled Tuesday Blitz January 25 2022"]
[White "Vakhlamov, Igor L."]
[Black "Kollars, Dmitrij"]
[WhiteFideId "24126748"]
[BlackFideId "12909572"]
[WhiteElo "2401"]
[BlackElo "2584"]
[Result "1-0"]
[Round "03"]
[TimeControl "180+1"]
[Date "2022.01.26"]
[WhiteClock "0:00:12"]
[BlackClock "0:00:08"]

1. e4 c6 2. Nf3 d5 3. Nc3 Bg4 4. h3 Bxf3 5. Qxf3 e6 6. d4 Nf6 7. Bd3 Bb4 8. e5 Nfd7 9. O-O O-O 10. Ne2 Be7 11. Qg4 Kh8 12. Nf4 g6 13. h4 c5 14. h5 g5 15. Nh3 Rg8 16. c3 Nc6 17. Be3 h6 18. f4 cxd4 19. cxd4 Qb6 20. Rae1 Nb4 21. Bb1 f5 22. exf6 Nxf6 23. Qe2 g4 24. Nf2 g3 25. Nd3 Ng4 26. Ne5 Nxe3 27. Qxe3 Bf6 28. f5 Rg5 29. Nf7+ Kg7 30. Nxg5 hxg5 31. Qxg3 Rh8 32. Re3 Bxd4 33. Qxg5+ Kf8 34. fxe6+ Ke8 35. Bg6# 1-0


[Site "https://www.chess.com"]

[Event "Titled Tuesday Blitz January 25 2022"]
[White "Vasquez Schroeder, Rodrigo"]
[Black "Arabidze, Meri"]
[WhiteFideId "3400042"]
[BlackFideId "13604040"]
[WhiteElo "2568"]
[BlackElo "2329"]
[Result "1-0"]
[Round "03"]
[TimeControl "180+1"]
[Date "2022.01.26"]
[WhiteClock "0:01:10"]
[BlackClock "0:00:14"]

1. e4 c5 2. Nf3 e6 3. d4 cxd4 4. Nxd4 Nc6 5. Nb5 d6 6. c4 Nf6 7. N1c3 a6 8. Na3 Be7 9. Be2 O-O 10. O-O b6 11. Be3 Bb7 12. Rc1 Ne5 13. f3 Qc7 14. Qd2 Rfd8 15. Rfd1 Kh8 16. Kh1 Rac8 17. Bf1 Ned7 18. Qf2 Re8 19. Rc2 Ba8 20. Rcd2 Qb8 21. Bf4 Ne5 22. h3 Rg8 23. Na4 g5 24. Be3 g4 25. hxg4 Bxe4 26. g5 Nfg4 27. fxg4 Nxg4 28. Bd4+ e5 29. Qf4 Bxg5 30. Qxg4 f5 31. Qh3 Bxd2 32. Rxd2 exd4 33. Rxd4 b5 34. Nc3 b4 35. Nxe4 bxa3 36. Nf6 Rg7 37. Rh4 Rcc7 38. b3 Qf8 39. Qc3 Rcf7 40. Nxh7 Qe7 41. Nf6+ 1-0


[Site "https://www.chess.com"]

[Event "Titled Tuesday Blitz January 25 2022"]
[White "Visakh N R"]
[Black "Ljukin, Sergei"]
[WhiteFideId "25012223"]
[BlackFideId "14102200"]
[WhiteElo "2454"]
[BlackElo "2312"]
[Result "1-0"]
[Round "03"]
[TimeControl "180+1"]
[Date "2022.01.26"]
[WhiteClock "0:00:31"]
[BlackClock "0:00:25"]

1. e4 e6 2. d4 d5 3. Nd2 Nf6 4. e5 Nfd7 5. Ngf3 c5 6. c3 Nc6 7. Bd3 Qb6 8. O-O Be7 9. dxc5 Nxc5 10. Bc2 f6 11. exf6 Bxf6 12. Nb3 Nxb3 13. Bxb3 O-O 14. Be3 Qc7 15. c4 d4 16. Bg5 e5 17. c5+ Kh8 18. Bxf6 Rxf6 19. Ng5 Bf5 20. Bd5 Nb4 21. Be4 Qxc5 22. Bxf5 Rxf5 23. Qh5 h6 24. Nf7+ Rxf7 25. Qxf7 d3 26. Rac1 Nc2 27. Qxb7 Rd8 28. Rcd1 Qd4 29. h3 e4 30. Qe7 e3 31. fxe3 Nxe3 32. Rf8+ Rxf8 33. Qxf8+ Kh7 34. Qf2 Qe4 35. Re1 1-0


[Site "https://www.chess.com"]

[Event "Titled Tuesday Blitz January 25 2022"]
[White "Yuan, Qingyu"]
[Black "Neklyudov, Viacheslav I."]
[WhiteFideId "8609772"]
[BlackFideId "4125703"]
[WhiteElo "2359"]
[BlackElo "2386"]
[Result "1-0"]
[Round "03"]
[TimeControl "180+1"]
[Date "2022.01.26"]
[WhiteClock "0:01:13"]
[BlackClock "0:01:24"]

1. Nf3 d5 2. g3 f6 3. d4 c5 4. c4 Nc6 5. cxd5 Qxd5 6. Nc3 Qh5 7. Nb5 Kf7 8. Bg2 Bh3 9. O-O e6 10. d5 Bxg2 11. dxe6+ Kxe6 12. Nc7+ Ke7 13. Kxg2 Qf7 14. Nxa8 Ke8 15. Bf4 1-0


[Site "https://www.chess.com"]

[Event "Titled Tuesday Blitz January 25 2022"]
[White "Zhigalko, Sergei"]
[Black "Ogloblin, Nikolay"]
[WhiteFideId "13502956"]
[BlackFideId "4139658"]
[WhiteElo "2662"]
[BlackElo "2306"]
[Result "1-0"]
[Round "03"]
[TimeControl "180+1"]
[Date "2022.01.26"]
[WhiteClock "0:00:03"]
[BlackClock "0:01:08"]

1. e4 c5 2. Nf3 e6 3. c3 Nf6 4. e5 Nd5 5. Bc4 d6 6. d4 Nb6 7. Bd3 cxd4 8. cxd4 Bd7 9. O-O Bc6 10. Nc3 N8d7 11. Be4 Bxe4 12. Nxe4 dxe5 13. dxe5 Nc5 14. Qe2 Qd3 15. Qxd3 Nxd3 16. Rd1 Nb4 17. Bg5 N6d5 18. a3 Nc6 19. Rac1 h6 20. Bh4 g5 21. Bg3 O-O-O 22. Nd4 Nc7 23. Nd6+ Bxd6 24. exd6 Nd5 25. Nxc6 bxc6 26. Rxc6+ Kd7 27. Rc7+ Ke8 28. Rxa7 Rd7 29. Ra8+ Rd8 30. Ra5 f6 31. Re1 Kf7 32. Ra7+ Kg6 33. Rxe6 Rhe8 34. Rxe8 Rxe8 35. f3 f5 36. d7 Rd8 37. Be5 Kf7 38. a4 Ke6 39. Bd4 Nf4 40. Kf1 Rxd7 41. Rxd7 Kxd7 42. Bg7 h5 43. Bf6 Ne6 44. b4 g4 45. fxg4 fxg4 46. Kf2 Nf4 47. Bg5 Nd3+ 48. Kg3 Nxb4 49. Kh4 Ke6 50. Kxh5 Kf5 51. a5 Na6 52. Be3 Nb4 53. Bb6 Na6 54. Kh4 Nb4 55. Kg3 Na6 56. Kf2 Nb4 57. Ba7 Nc6 58. Bb6 Nb4 59. Ke2 Ke4 60. Bc5 Na6 61. Bd6 Kd5 62. Bg3 Ke4 63. Kd2 Kd4 64. Bd6 Kd5 65. Bf8 Kd4 66. Ke2 Ke4 67. Kf2 Kf5 68. Kg3 Nc7 69. Bd6 Na6 70. Kh4 Ke6 71. Kxg4 Kxd6 72. h4 Ke6 73. h5 Kf6 74. Kh4 Nc5 75. g4 Ke5 76. h6 Kf6 77. Kh5 Kf7 78. g5 Kg8 79. g6 Na6 80. Kg5 Kf8 81. Kf6 Kg8 82. h7+ Kh8 83. Kf7 1-0


[Site "https://www.chess.com"]

[Event "Titled Tuesday Blitz January 25 2022"]
[White "Abarca Gonzalez, Nicolas"]
[Black "Ingebretsen, Jens E"]
[WhiteFideId "3409422"]
[BlackFideId "1522965"]
[WhiteElo "2504"]
[BlackElo "2072"]
[Result "1-0"]
[Round "04"]
[TimeControl "180+1"]
[Date "2022.01.26"]
[WhiteClock "0:00:06"]
[BlackClock "0:00:02"]

1. e4 e5 2. Nf3 Nc6 3. Bc4 Bc5 4. d4 exd4 5. O-O d6 6. c3 dxc3 7. Nxc3 Nf6 8. Bg5 h6 9. Bh4 g5 10. Bg3 Bg4 11. e5 dxe5 12. Qxd8+ Rxd8 13. Nxe5 Nxe5 14. Bxe5 Bd4 15. Bxc7 Rc8 16. Nb5 O-O 17. Nxd4 Rxc7 18. b3 a6 19. a4 Rd8 20. Nf3 Bxf3 21. gxf3 Nh5 22. Rfd1 Rcd7 23. Rxd7 Rxd7 24. h4 Kg7 25. hxg5 hxg5 26. a5 Nf4 27. Re1 Kf6 28. b4 Rd2 29. Re8 Rc2 30. Bf1 Rb2 31. Rb8 Rxb4 32. Bxa6 Rb1+ 33. Kh2 Ra1 34. Rxb7 Rxa5 35. Bc4 Ra3 36. Kg3 Rc3 37. Rxf7+ Kg6 38. Rc7 Ra3 39. Kg4 Ra1 40. Rc6+ Kg7 41. Rc5 Rg1+ 42. Kf5 Ng2 43. Rc7+ Kf8 44. Kxg5 Ne1+ 45. Kf6 Rf1 46. Rc8# 1-0


[Site "https://www.chess.com"]

[Event "Titled Tuesday Blitz January 25 2022"]
[White "Aditya Mittal"]
[Black "Seemann, Jakub"]
[WhiteFideId "35042025"]
[BlackFideId "21874697"]
[WhiteElo "2287"]
[BlackElo "2003"]
[Result "0-1"]
[Round "04"]
[TimeControl "180+1"]
[Date "2022.01.26"]
[WhiteClock "0:00:05"]
[BlackClock "0:00:04"]

1. d4 Nf6 2. c4 g6 3. Nc3 Bg7 4. e4 d6 5. Be2 O-O 6. Be3 c5 7. d5 e6 8. Nf3 exd5 9. cxd5 a6 10. a4 Re8 11. Nd2 Nbd7 12. O-O Rb8 13. h3 Qc7 14. Qc2 h5 15. Bf4 Nh7 16. Bh2 Be5 17. f4 Bd4+ 18. Kh1 f5 19. Bd3 fxe4 20. Bxe4 Ndf8 21. Bxg6 Re3 22. Nc4 Re7 23. f5 Re5 24. Bxe5 dxe5 25. f6 Ng5 26. d6 Qc6 27. Ne4 Nxh3 28. gxh3 Nxg6 29. Qg2 Bg4 30. hxg4 Nh4 31. Qg3 Qxe4+ 32. Kh2 Qe2+ 33. Kh3 Ng6 34. gxh5 Qxh5+ 35. Kg2 Kf7 36. d7 Qe2+ 37. Rf2 Bxf2 38. Qxf2 Qxc4 39. Rh1 Qg4+ 40. Kf1 Qc4+ 41. Ke1 Qc1+ 42. Ke2 Qxh1 43. Qxc5 Qe4+ 44. Kf2 Rd8 45. Qd6 Qd4+ 0-1


[Site "https://www.chess.com"]

[Event "Titled Tuesday Blitz January 25 2022"]
[White "Andreikin, Dmitry"]
[Black "Goryachkina, Aleksandra"]
[WhiteFideId "4158814"]
[BlackFideId "4147103"]
[WhiteElo "2736"]
[BlackElo "2426"]
[Result "1-0"]
[Round "04"]
[TimeControl "180+1"]
[Date "2022.01.26"]
[WhiteClock "0:00:20"]
[BlackClock "0:00:02"]

1. e4 c6 2. Nf3 d5 3. exd5 cxd5 4. Ne5 a6 5. d4 Nc6 6. c3 e6 7. Nd2 Bd6 8. Ndf3 Qc7 9. Bf4 Nge7 10. Bg3 O-O 11. Bd3 f6 12. Nxc6 bxc6 13. Qc2 g6 14. Qe2 c5 15. O-O Bxg3 16. hxg3 Bd7 17. Rfe1 a5 18. c4 cxd4 19. Nxd4 e5 20. cxd5 Qb6 21. Nb5 Nxd5 22. Rad1 Kh8 23. a4 Bxb5 24. Bxb5 Rad8 25. Qf3 Nb4 26. g4 Rxd1 27. Rxd1 Rd8 28. Rc1 Qd6 29. g3 Kg7 30. Kg2 Qe7 31. Qe4 Qd6 32. Qb7+ Kh8 33. Qa7 Qd5+ 34. Kg1 Qd2 35. Rc7 Qh6 36. Kg2 Nd5 37. Rd7 Rxd7 38. Qxd7 Nb4 39. Qd8+ Kg7 40. Qe7+ Kg8 41. Bc4+ 1-0


[Site "https://www.chess.com"]

[Event "Titled Tuesday Blitz January 25 2022"]
[White "Arabidze, Meri"]
[Black "Ozates, Tuna"]
[WhiteFideId "13604040"]
[BlackFideId "6354521"]
[WhiteElo "2329"]
[BlackElo "1872"]
[Result "1/2-1/2"]
[Round "04"]
[TimeControl "180+1"]
[Date "2022.01.26"]
[WhiteClock "0:00:13"]
[BlackClock "0:00:23"]

1. d4 Nf6 2. Nf3 g6 3. g3 Bg7 4. Bg2 O-O 5. O-O d6 6. a4 Nc6 7. a5 a6 8. d5 Nb8 9. Nc3 c6 10. e4 e6 11. dxe6 Bxe6 12. Bf4 d5 13. Nd4 Nxe4 14. Nxe4 dxe4 15. Nxe6 fxe6 16. Qxd8 Rxd8 17. Rad1 Rd5 18. Bxe4 Nd7 19. Bxd5 cxd5 20. c3 Kf7 21. Rfe1 Rc8 22. Bd6 Rc6 23. Bb4 Ne5 24. Kg2 Nc4 25. Re2 b6 26. axb6 Rxb6 27. Ra1 a5 28. Ba3 Rb3 29. Rc2 e5 30. Ra2 Ke6 31. Bc5 Bh6 32. h4 Kf5 33. Kf3 e4+ 34. Ke2 Bg7 35. Be7 h6 36. Bd8 Rb5 37. Bc7 g5 38. hxg5 hxg5 39. f3 exf3+ 40. Kxf3 g4+ 41. Ke2 Bh6 42. Ra4 Nxb2 43. Rxa5 Rxa5 44. Bxa5 Nc4 45. Bb4 Ke4 46. Ra2 Bg7 47. Ra7 Be5 48. Re7 Kf5 49. Kf2 Nd2 50. Kg2 Ne4 51. Rd7 Ke6 52. Re7+ Kf5 53. Re8 Bxg3 54. Rxe4 Kxe4 55. Kxg3 Kd3 56. Kxg4 d4 57. cxd4 Kxd4 1/2-1/2


[Site "https://www.chess.com"]

[Event "Titled Tuesday Blitz January 25 2022"]
[White "Aradhya, Garg"]
[Black "Santos Flores, Alberto"]
[WhiteFideId "25006746"]
[BlackFideId "3601234"]
[WhiteElo "2169"]
[BlackElo "2293"]
[Result "1-0"]
[Round "04"]
[TimeControl "180+1"]
[Date "2022.01.26"]
[WhiteClock "0:02:12"]
[BlackClock "0:00:20"]

1. d4 d5 2. c4 c6 3. Nf3 Nf6 4. Nc3 dxc4 5. e4 b5 6. Be2 b4 7. Na4 Nxe4 8. Bxc4 e6 9. O-O Be7 10. Qe2 Nf6 11. Rd1 Nbd7 12. Ne5 Nxe5 13. dxe5 Nd5 14. Qg4 g6 15. Bh6 Qa5 16. b3 Ba6 17. Rac1 Bxc4 18. Rxc4 Nb6 19. Nxb6 axb6 20. Qe4 Qd5 21. Rxd5 exd5 22. Qf3 Rxa2 23. Rxc6 Ra1+ 24. Rc1 Rxc1+ 25. Bxc1 O-O 26. g3 1-0


[Site "https://www.chess.com"]

[Event "Titled Tuesday Blitz January 25 2022"]
[White "Atakishiyev, Elmar"]
[Black "Le, Tuan Minh"]
[WhiteFideId "13410547"]
[BlackFideId "12401153"]
[WhiteElo "2087"]
[BlackElo "2450"]
[Result "1-0"]
[Round "04"]
[TimeControl "180+1"]
[Date "2022.01.26"]
[WhiteClock "0:00:10"]
[BlackClock "0:00:08"]

1. d4 d5 2. c4 c6 3. Nf3 Nf6 4. e3 Bf5 5. Nc3 e6 6. Nh4 Be4 7. f3 Bg6 8. Qb3 Qc7 9. Bd2 Be7 10. g3 O-O 11. Rc1 Qd7 12. Nxg6 hxg6 13. Bd3 Rd8 14. O-O dxc4 15. Bxc4 c5 16. Ne2 Nc6 17. Bc3 a6 18. a4 Rab8 19. a5 Qc7 20. Qa2 cxd4 21. Nxd4 Bc5 22. Nc2 Nd5 23. Bxd5 Rxd5 24. b4 Ba7 25. Qb2 e5 26. Kh1 Rbd8 27. e4 Rd3 28. Ne1 R3d7 29. Ng2 Qd6 30. b5 axb5 31. Qxb5 Qe6 32. a6 bxa6 33. Qxa6 Rd6 34. Qe2 Bd4 35. Be1 Qh3 36. f4 Ba7 37. fxe5 Nxe5 38. Nf4 Qd7 39. Bc3 Bd4 40. Nd5 Bxc3 41. Rxc3 Rc6 42. Rxc6 Nxc6 43. Kg2 Qe6 44. Qf3 Ne5 45. Qc3 f6 46. Rf4 g5 47. Rf1 Kh7 48. h3 Rc8 49. Qe3 Qa6 50. Rf2 Qa1 51. Qe2 Ra8 52. Qh5+ Kg8 53. Ne7+ Kf8 54. Nf5 Kg8 55. Ne7+ Kf8 56. Nf5 Nf7 57. Qh7 Qa7 58. Qxg7+ Ke8 59. Qxf6 Kd7 60. Qxf7+ Kc6 61. Qxa7 Rxa7 62. Ne3 Kd6 63. Rf5 Ra3 64. Kf3 Ke6 65. Rxg5 Ra1 66. Rf5 Re1 67. h4 Rh1 68. h5 Rg1 69. Kg4 Re1 70. Ng2 Rxe4+ 71. Nf4+ Ke7 72. Kg5 Re3 73. g4 Re1 74. h6 Rh1 75. Nh5 1-0


[Site "https://www.chess.com"]

[Event "Titled Tuesday Blitz January 25 2022"]
[White "Azadaliyev, Jahandar"]
[Black "Lenderman, Aleksandr"]
[WhiteFideId "13425811"]
[BlackFideId "2021285"]
[WhiteElo "1795"]
[BlackElo "2651"]
[Result "0-1"]
[Round "04"]
[TimeControl "180+1"]
[Date "2022.01.26"]
[WhiteClock "0:00:13"]
[BlackClock "0:00:16"]

1. d4 d6 2. Nf3 g6 3. c4 Bg7 4. g3 e5 5. dxe5 dxe5 6. Qxd8+ Kxd8 7. Nc3 c6 8. Bg2 f6 9. O-O Kc7 10. b3 Nh6 11. Rd1 Nf7 12. Ba3 Bf8 13. Bxf8 Rxf8 14. Ne4 f5 15. Nf6 e4 16. Nd4 Ng5 17. h4 Rxf6 18. hxg5 Rf7 19. c5 a5 20. Rac1 Na6 21. a3 Bd7 22. Rc4 Re7 23. e3 Be8 24. Rb1 Bf7 25. Rc2 Nb8 26. b4 axb4 27. axb4 Nd7 28. b5 Ne5 29. bxc6 bxc6 30. Rb6 Bd5 31. Rcb2 Kc8 32. Bf1 Rea7 33. Kg2 Nd3 34. Nxc6 Bxc6 35. Rxc6+ Rc7 36. Rxc7+ Kxc7 37. Bxd3 exd3 38. Rd2 Rd8 39. Kf3 Kc6 40. e4 Kxc5 41. Ke3 fxe4 42. Kxe4 Kc4 43. Ke3 Kc3 44. Rd1 d2 45. f4 Rd3+ 46. Kf2 Kc2 47. Rxd2+ Kxd2 48. g4 Kc3 49. f5 Kd4 50. f6 Ke4 0-1


[Site "https://www.chess.com"]

[Event "Titled Tuesday Blitz January 25 2022"]
[White "Babazada, Khazar"]
[Black "Stark, Lars"]
[WhiteFideId "13413554"]
[BlackFideId "4676386"]
[WhiteElo "2418"]
[BlackElo "2474"]
[Result "1-0"]
[Round "04"]
[TimeControl "180+1"]
[Date "2022.01.26"]
[WhiteClock "0:00:07"]
[BlackClock "0:00:06"]

1. Nf3 Nf6 2. b3 e6 3. Bb2 Be7 4. g3 b6 5. Bg2 Bb7 6. O-O O-O 7. d3 c5 8. Nbd2 d6 9. e4 Nc6 10. a4 a6 11. Re1 Nd7 12. Nc4 Qc7 13. h4 Bf6 14. Bxf6 Nxf6 15. Qd2 Nd7 16. h5 h6 17. g4 f6 18. d4 Rad8 19. Rad1 Rfe8 20. dxc5 dxc5 21. Nd6 Rf8 22. Nxb7 Qxb7 23. Qe2 Nde5 24. Nxe5 fxe5 25. g5 hxg5 26. Qg4 Qe7 27. Rxd8 Rxd8 28. Bh3 Kf7 29. Re3 Rd6 30. Qe2 Nd4 31. Qxa6 g4 32. Bxg4 b5 33. Qc8 Rd8 34. Qa6 Rd6 35. Qa5 bxa4 36. Qxa4 Nxc2 37. Rg3 Nd4 38. h6 g6 39. Bh5 Qh4 40. Bxg6+ Kf6 41. Qc4 Qxh6 42. Kg2 Rd8 43. Qxc5 Rh8 44. Kf1 Qd2 45. Bh5 Ra8 46. Kg2 Qh6 47. Rg6+ Qxg6+ 48. Bxg6 Rg8 49. Kf1 Rxg6 50. Qf8+ Kg5 51. f4+ exf4 52. Qd8+ Kg4 53. Qxd4 Kf3 54. Qd3+ Kg4 55. e5 Rg5 56. Qe4 Rh5 57. Qg6+ Kh4 58. Qxe6 Rg5 59. Qh6+ Kg4 60. Kf2 Rxe5 61. Qg7+ Rg5 62. Qd7+ Kh4 63. b4 Rg3 64. Qh7+ Kg5 65. b5 Kf6 66. Qh4+ Ke5 67. b6 Rb3 68. Qe7+ Kd5 69. Qf7+ Kc6 70. Qxb3 Kb7 71. Qb5 f3 72. Qc5 Kb8 73. Qc7+ 1-0


[Site "https://www.chess.com"]